 Dungeon Sprint DCSS version 0.27-a0-103-g6cd7b45605 (webtiles) character file.

Game seed: 13583490377386488691

2372 mhtbhm the Eclecticist (level 9, -8/45 HPs)
             Began as a Deep Elf Earth Elementalist on Jan 23, 2021.
             Was an Elder of Vehumet.
             Mangled by a six-headed hydra (13 damage)
             ... in the Dungeon (Sprint IX: "|||||||||||||||||||||||||||||").
             The game lasted 00:03:19 (1881 turns).

mhtbhm the Eclecticist (DEEE)                       Turns: 1881, Time: 00:03:19

Health: -8/45      AC:  4    Str:  8    XL:     9   Next: 21%
Magic:  17/32      EV: 17    Int: 24    God:    Vehumet [****..]
Gold:   0          SH:  0    Dex: 18    Spells: 27/42 levels left

rFire    . . .     SeeInvis .   l - +2 rapier (drain)
rCold    . . .     Faith    .   (no shield)
rNeg     . . .     Spirit   .   c - +0 robe
rPois    .         Reflect  .   m - +0 helmet
rElec    .         Harm     .   (no cloak)
rCorr    .         Rampage  .   (no gloves)
Will     .....     NoTele   +   n - +0 pair of boots
Stlth    ++........             (no amulet)
HPRegen  0.15/turn              p - +3 ring of dexterity
MPRegen  0.23/turn              o - +3 ring of strength

@: no status effects
A: no striking features
a: Renounce Religion


You were in the Dungeon.
You worshipped Vehumet.
Vehumet was greatly pleased with you.
You visited 1 branch

Inventory:

Hand Weapons
 l - a +2 rapier of draining (weapon)
Missiles
 b - 3 stones
Armour
 c - a +0 robe (worn)
 m - a +0 helmet (worn)
 n - a +0 pair of boots (worn)
Jewellery
 o - a +3 ring of strength (right hand)
 p - a +3 ring of dexterity (left hand)
Wands
 k - a wand of iceblast (10)
Scrolls
 h - 4 scrolls of remove curse
 i - 3 scrolls of blinking
 j - 2 scrolls of amnesia
 s - 2 scrolls of fear
 t - 2 scrolls of enchant armour
 u - a scroll of identify
Potions
 a - a potion of might
 d - 5 potions of curing
 e - a potion of heal wounds
 f - 2 potions of haste
 g - 4 potions of magic
 q - a potion of berserk rage
 r - a potion of resistance


   Skills:
 - Level 0.1 Fighting
 + Level 7.0 Dodging
 - Level 2.4 Stealth
 - Level 0.2 Unarmed Combat
 + Level 17.4 Spellcasting
 + Level 3.0 Transmutations
 + Level 15.1 Earth Magic


You had 27 spell levels left.
You knew the following spells:

 Your Spells              Type           Power        Failure   Level
a - Sandblast             Erth           100%         0%          1
b - Passwall              Tmut/Erth      49%          1%          2
c - Stone Arrow           Conj/Erth      100%         1%          3
d - Lee's Rapid Deconstr  Erth           38%          1%          5
e - Petrify               Tmut/Erth      59%          1%          4

Your spell library contained the following spells:

 Spells                   Type           Power        Failure   Level
 Frozen Ramparts          Ice            40%          2%          3


Dungeon Overview and Level Annotations

Branches:
Dungeon (1/1)

Altars:
Cheibriados
Dithmenos
Elyvilon
Fedhas
Gozag
Hepliaklqana
Kikubaaqudgha
Makhleb
Nemelex Xobeh
Okawaru
Qazlal
Ru
Sif Muna
Trog
Uskayaw
Vehumet
Wu Jian
Xom
Yredelemnul
Zin
The Shining One
Beogh
Jiyva
Lugonu


Message History

Casting: Lee's Rapid Deconstruction (safe; 1% risk of failure)
Confirm with . or Enter, or press ? or * to list all spells.
Aiming: Lee's Rapid Deconstruction (safe; 1% risk of failure)
Press: ? - help, Dir - move target, f - yak Fragment what (e.g. wall or brittle monster)?: a yak (almost dead, petrifying slowly)
An open door to the Lair.
The yak shatters!!
You blow up the yak!
Vehumet accepts your kill.
Vehumet offers you knowledge of Frozen Ramparts.
You feel your power returning.
The blast of petrified fragments hits the komodo dragon!
The komodo dragon is moderately wounded.
The blast of petrified fragments hits the six-headed hydra!
The six-headed hydra is almost dead.
The six-headed hydra misses you. The six-headed hydra bites you.
The six-headed hydra bites you! x2
* * * LOW HITPOINT WARNING * * *
The six-headed hydra bites you!
You die...

▓.▓.▓_▓
▓.▓.▓_▓
▓.▓.▓_▓
▓.▓.▓_▓
▓.▓.▓_▓
▓S▓.▓_▓
▓l▓.▓_▓
▓D▓.▓_▓
▓@▓.▓_▓
▓.▓.▓_▓
▓.▓.▓_▓
▓.▓.▓'▓
▓[▓.▓.▓
▓)▓.▓.▓
▓.▓.▓.▓
▓.▓.▓.▓
▓.▓.▓)▓


You could see a six-headed hydra, a komodo dragon and a water moccasin.

Vanquished Creatures
  An unseen horror (D)
  A cane toad (D)
  2 komodo dragons (D)
  2 trolls (D)
  3 yaks (D)
  2 sky beasts (D)
  A centaur (D)
  A scorpion (D)
  A jelly (D)
  A worker ant (D)
  A leopard gecko (D)
  3 orcs (D)
  A ball python (D)
  A bat skeleton (D)
  A bat zombie (D)
  A hobgoblin (D)
  A frilled lizard (D)
  3 rats (D)
27 creatures vanquished.

Notes
Turn   | Place    | Note
-------+----------+-------------------------------------------
     0 | D        | mhtbhm the Deep Elf Earth Elementalist began the quest for
                  | the Orb.
     0 | D        | Reached XP level 1. HP: 10/10 MP: 6/6
     8 | D        | Reached skill level 4 in Spellcasting
   390 | D        | Noticed a worker ant
   395 | D        | Reached XP level 2. HP: 15/15 MP: 3/9
   409 | D        | Reached skill level 5 in Spellcasting
   409 | D        | Reached skill level 5 in Earth Magic
   409 | D        | Reached XP level 3. HP: 11/19 MP: 0/12
   582 | D        | Found a roughly hewn altar of Beogh.
   582 | D        | Found a snail-covered altar of Cheibriados.
   582 | D        | Found a shadowy altar of Dithmenos.
   582 | D        | Found a white marble altar of Elyvilon.
   582 | D        | Found a blossoming altar of Fedhas.
   582 | D        | Found an opulent altar of Gozag.
   583 | D        | Found a hazy altar of Hepliaklqana.
   584 | D        | Found a viscous altar of Jiyva.
   585 | D        | Found an ancient bone altar of Kikubaaqudgha.
   586 | D        | Found a corrupted altar of Lugonu.
   587 | D        | Found a burning altar of Makhleb.
   588 | D        | Found a sparkling altar of Nemelex Xobeh.
   589 | D        | Found an iron altar of Okawaru.
   590 | D        | Found a stormy altar of Qazlal.
   591 | D        | Found a sacrificial altar of Ru.
   592 | D        | Found a shimmering blue altar of Sif Muna.
   593 | D        | Found a bloodstained altar of Trog.
   594 | D        | Found a hide-covered altar of Uskayaw.
   595 | D        | Found a radiant altar of Vehumet.
   596 | D        | Found an ornate altar of the Wu Jian Council.
   597 | D        | Found a shimmering altar of Xom.
   598 | D        | Found a basalt altar of Yredelemnul.
   599 | D        | Found a glowing silver altar of Zin.
   600 | D        | Found a glowing golden altar of the Shining One.
   603 | D        | Became a worshipper of Vehumet
   645 | D        | Noticed a troll
   645 | D        | Noticed a sky beast
   645 | D        | Noticed a troll
   645 | D        | Noticed a yak
   645 | D        | Noticed a sky beast
   650 | D        | Learned a level 2 spell: Passwall
   654 | D        | Learned a level 3 spell: Stone Arrow
   660 | D        | Killed a sky beast
   661 | D        | Reached skill level 8 in Spellcasting
   661 | D        | Reached XP level 4. HP: 17/24 MP: 4/16
   661 | D        | Killed a yak
   662 | D        | Reached skill level 5 in Dodging
   662 | D        | Reached skill level 10 in Spellcasting
   662 | D        | Reached skill level 10 in Earth Magic
   662 | D        | Reached XP level 5. HP: 20/28 MP: 4/20
   675 | D        | Killed a troll
   675 | D        | Reached * piety under Vehumet
   675 | D        | Offered knowledge of Magic Dart by Vehumet.
   676 | D        | Reached skill level 12 in Spellcasting
   676 | D        | Reached XP level 6. HP: 32/32 MP: 2/23
   897 | D        | Learned a level 5 spell: Lee's Rapid Deconstruction
   902 | D        | Learned a level 4 spell: Petrify
   911 | D        | Killed a sky beast
   912 | D        | Reached XP level 7. HP: 36/36 MP: 10/25
   915 | D        | Killed a troll
   916 | D        | Reached skill level 13 in Spellcasting
   929 | D        | Killed an unseen horror
   929 | D        | Reached ** piety under Vehumet
   929 | D        | Offered knowledge of Foxfire by Vehumet.
   930 | D        | Reached skill level 15 in Spellcasting
   930 | D        | Reached XP level 8. HP: 18/41 MP: 5/29
  1312 | D        | Offered knowledge of Searing Ray by Vehumet.
  1313 | D        | Reached *** piety under Vehumet
  1676 | D        | Noticed a six-headed hydra
  1676 | D        | Noticed a cane toad
  1676 | D        | Noticed a komodo dragon
  1676 | D        | Noticed a komodo dragon
  1679 | D        | Killed a komodo dragon
  1679 | D        | Offered knowledge of Conjure Flame by Vehumet.
  1680 | D        | Reached skill level 16 in Spellcasting
  1682 | D        | Killed a cane toad
  1682 | D        | Reached **** piety under Vehumet
  1682 | D        | Killed a komodo dragon
  1682 | D        | Noticed a komodo dragon
  1683 | D        | Reached skill level 17 in Spellcasting
  1683 | D        | Reached skill level 15 in Earth Magic
  1683 | D        | Reached XP level 9. HP: 44/45 MP: 11/32
  1881 | D        | Offered knowledge of Frozen Ramparts by Vehumet.
  1881 | D        | Mangled by a six-headed hydra

Illustrated notes

Levels and vault maps discovered:
D:        linesprint [early_d, line_temple, items_1, d_10, items_2, lair_1,
          lair_end, items_3, orc_1, orc_end, items_4, d_15, swamp_1, shoals_1,
          snake_1, spider_1, d_20, vaults_1, items_5, swamp_end, shoals_end,
          snake_end, spider_end, vaults_end, d_27, items_6, zot_1, zot_end,
          crypt_end, forest_end, elf_end, slime_end, tomb_end, abyss_end,
          pan_hell_end]

Skill      XL: |  1  2  3  4  5  6  7  8 |
---------------+-------------------------+-----
Spellcasting   | 4 5 8 10 12 15 17 | 17.4
Earth Magic    | 4 5 8 10 11 13 15 | 15.1
Dodging        | 3 4 5 6 7 |  7.0
Transmutations | 2 3 |  3.0
Fighting       | |  0.1
Stealth        | |  2.4
Unarmed Combat | |  0.2

Action                   |  1- 3 |  4- 6 |  7- 9 || total
-------------------------+-------+-------+-------++-------
Melee: Unarmed           |     3 |       |       ||     3
 Cast: Sandblast         |    20 |     5 |     2 ||    27
       Stone Arrow       |     1 |       |       ||     1
       Lee's Rapid Decon |       |     2 |    13 ||    15
       Petrify           |       |     1 |     3 ||     4
  Use: Potion            |     2 |     2 |     1 ||     5
Armor: Robe              |     3 |     1 |     3 ||     7
Dodge: Dodged            |     7 |    11 |    12 ||    30

Table legend: (Time is in decaauts)
 A = Elapsed time spent in this place.
 B = Non-inter-level travel time spent in this place.
 C = Inter-level travel time spent in this place.
 D = Time resting spent in this place.
 E = Time spent auto-exploring this place.
 F = Levels seen in this place.
 G = Mean time per level.
                   A        B        C        D        E       F      G
               +--------+--------+--------+--------+--------+-----+--------+
         Total |   1893 |   1893 |      0 |   1540 |     97 |   1 | 1893.0 |
       Dungeon |   1893 |   1893 |      0 |   1540 |     97 |   1 | 1893.0 |
               +--------+--------+--------+--------+--------+-----+--------+

Top non-repeatable levels by time:
       D: 1893 daAuts
